Map: Prüfung von Aiur LE

Players

Panda - Winner!

  • Race: Zerg Zerg
  • League: Platinum
  • Spawn Location: 5:00

ozoncraft

  • Race: Zerg Zerg
  • League: Diamond
  • Spawn Location: 11:00

VOD

Have the link to the VOD?

Description

Time

  • Played on: Sept. 5, 2017, 1:12 p.m.
  • Length: 3:26
Show
View Real Time Build Order
Export as new Build Order

Panda Zerg - Winner!

Build Orders: Pool Only 

Get SALT Encoding   

  12  0:01  Drone  
  13  0:20  Extractor  
  12  0:25  Spawning Pool  
  11  0:29  Drone  
  11  0:33  Drone  
  13  0:38  Drone  
  14  0:47  Overlord  
  14  1:12  Zergling x4  
  14  1:13  Zergling x2  
  14  1:15  Queen  
  19  1:24  Metabolic Boost  
  19  1:30  Zergling x2  
  20  1:34  Zergling x2  
  21  1:44  Zergling x2  
  22  1:56  Overlord  
  22  2:06  Baneling Nest  
  22  2:08  Zergling x2  
  22  2:22  Zergling x2  
  23  2:27  Zergling x6  
  25  2:34  Zergling x2  
  26  2:44  Zergling x2  
  23  2:54  Baneling x2  
  23  2:55  Zergling x2  
Show
View Real Time Build Order
Export as new Build Order

ozoncraft Zerg 

Build Orders: Hatch First 

Get SALT Encoding   

  12  0:01  Drone  
  13  0:12  Overlord  
  13  0:18  Drone  
  14  0:32  Drone x2  
  16  0:36  Drone  
  17  0:54  Hatchery  
  16  1:03  Extractor  
  15  1:10  Spawning Pool  
  14  1:16  Drone  
  15  1:19  Drone  
  15  1:21  Drone  
  17  1:31  Overlord  
  17  1:38  Drone  
  18  1:57  Queen  
  18  1:58  Zergling x2  
  21  2:04  Zergling x2  
  21  2:05  Metabolic Boost  
  22  2:08  Zergling x2  
  15  2:53  Drone x2  
  17  3:03  Drone  
Tags
 
Add a new tag
Caveats
  • Supply blocks, unpowered buildings, or Contaminate may cause inaccurate times.
  • Supply counts are checked every 10 seconds.